 Dungeon Crawl Stone Soup version 0.21.1-1-g345015f (webtiles) character file.

202 vatarom the Insei (level 5, -1/41 HPs)
             Began as a Gnoll Wanderer on May 28, 2018.
             Was a Follower of Elyvilon.
             Slain by an orc
             ... wielding a +0 whip
              (4 damage)
             ... on level 3 of the Dungeon.
             The game lasted 00:04:37 (1814 turns).

vatarom the Insei (Gnoll Wanderer)                  Turns: 1814, Time: 00:04:38

Health: -1/41      AC:  2    Str: 14    XL:     5   Next: 80%
Magic:  7/7        EV: 13    Int: 14    God:    Elyvilon [*.....]
Gold:   68         SH:  0    Dex: 16    Spells: 7/7 levels left

rFire    . . .     SeeInvis .   p - +0 flail
rCold    . . .     Gourm    .   (no shield)
rNeg     . . .     Faith    .   e - +0 robe
rPois    .         Spirit   .   (no helmet)
rElec    .         Reflect  .   (no cloak)
rCorr    .         Harm     .   (no gloves)
MR       .....                  (no boots)
Stlth    +++.......             (no amulet)
HPRegen  0.13/turn              (no ring)
MPRegen  0.10/turn              (no ring)

@: starving, hasted, very quick
A: distributed training, fangs 1, strong nose
a: Lesser Healing, Divine Protection, Renounce Religion


You were on level 3 of the Dungeon.
You worshipped Elyvilon.
Elyvilon was aware of your devotion.
You were starving.

You visited 1 branch of the dungeon, and saw 3 of its levels.

You collected 68 gold pieces.

Inventory:

Hand Weapons
 f - a +0 dagger
 p - a +0 flail (weapon)
Armour
 e - a +0 robe (worn)
Scrolls
 a - a scroll of magic mapping {unknown}
 c - 2 scrolls of fog
 h - 2 scrolls of identify {@r1}
 i - a scroll of enchant armour {unknown}
 j - a scroll of amnesia {unknown}
 m - 2 scrolls of remove curse {unknown}
 n - 2 scrolls of immolation {unknown}
 q - a scroll of noise {unknown}
Potions
 b - a potion of haste {@q3}
 d - 2 potions of flight
 k - 2 potions of curing {@q1}


   Skills:
 + Level 3.0 Fighting
 + Level 1.6 Short Blades
 + Level 1.6 Long Blades
 + Level 1.6 Axes
 + Level 4.8 Maces & Flails
 + Level 1.6 Polearms
 + Level 1.6 Staves
 + Level 1.6 Slings
 + Level 1.6 Bows
 + Level 1.6 Crossbows
 + Level 1.6 Throwing
 + Level 3.0 Armour
 + Level 3.0 Dodging
 + Level 4.4 Stealth
 + Level 1.6 Shields
 + Level 6.7 Unarmed Combat
 + Level 1.6 Spellcasting
 + Level 1.2 Conjurations
 + Level 1.2 Hexes
 + Level 1.2 Charms
 + Level 1.2 Summonings
 + Level 1.2 Necromancy
 + Level 1.2 Translocations
 + Level 1.2 Transmutations
 + Level 1.2 Fire Magic
 + Level 1.2 Ice Magic
 + Level 1.2 Air Magic
 + Level 1.2 Earth Magic
 + Level 1.2 Poison Magic
 + Level 1.8 Invocations
 + Level 1.6 Evocations


You had 7 spell levels left.
You didn't know any spells.

Dungeon Overview and Level Annotations

Branches:
Dungeon (3/15)

Altars:
Elyvilon


Innate Abilities, Weirdness & Mutations

Your experience applies equally to all skills.
You have very sharp teeth.
Your uncanny sense of smell can sniff out nearby items.


Message History

Unknown command.
You barely miss the orc. The orc closely misses you.
Unknown command.
You closely miss the orc. Your bite misses the orc.
The orc hits you with a flail.
* * * LOW HITPOINT WARNING * * *
As you read the scroll labeled GOFOTRETEM, it crumbles to dust.
It is a scroll of identify.
d - 2 potions of flight You feel yourself speed up.
The orc hits you with a flail! Elyvilon protects you from harm!
You thump the orc!
You kill the orc!
The orc closely misses you.
Items here: )) [ †† a flail; a club; a ring mail; an orc corpse x2
Butcher an orc corpse? [(y)es/(c)hoosy/(n)o/(a)ll/(e)dible/(q)uit/?]
You butcher the orc corpse.
The orc hits you with a whip.
You stop butchering the corpse.
You die...

.... #....####
###.#.....# ##
.......#.?. ...
........>. ?... #.#......
..... #..#.....
#...###### #.#.#....
#..gso@..# #.##.##.#
......s###.######......).
###.... #...............
##.#. #.############.#
#.#. ...# #.# # #######
#.# #.# #.. ###


You could see an orc, 2 giant cockroaches and a goblin.

Vanquished Creatures
  A hungry ghost (D:2)
  3 oozes
  2 worms (D:2)
  A dart slug (D:1)
  2 leopard geckos
  3 orcs (D:3)
  5 bats
  3 goblins
  3 hobgoblins (D:1)
  4 jackals (D:1)
  2 ball pythons
  A frilled lizard (D:2)
  6 kobolds
  2 rats
38 creatures vanquished.

Notes
Turn   | Place    | Note
-------+----------+-------------------------------------------
     0 | D:1      | vatarom the Gnoll Wanderer began the quest for the Orb.
     0 | D:1      | vatarom set off with: a potion of berserk rage, a potion of haste {@q3}, a scroll of teleportation {@r3}, a +0 mace, a +0 robe, a +0 dagger, a ration {@e1}
     0 | D:1      | Reached XP level 1. HP: 17/17 MP: 1/1
    90 | D:1      | Reached XP level 2. HP: 19/23 MP: 2/2
   639 | D:1      | Reached XP level 3. HP: 28/28 MP: 3/3
  1049 | D:2      | Reached skill level 1 in Invocations
  1439 | D:2      | Found a faded altar of an unknown god.
  1453 | D:2      | Reached skill level 1 in Short Blades
  1453 | D:2      | Reached skill level 1 in Long Blades
  1453 | D:2      | Reached skill level 1 in Axes
  1453 | D:2      | Reached skill level 1 in Polearms
  1453 | D:2      | Reached skill level 1 in Staves
  1453 | D:2      | Reached skill level 1 in Slings
  1453 | D:2      | Reached skill level 1 in Bows
  1453 | D:2      | Reached skill level 1 in Crossbows
  1453 | D:2      | Reached skill level 1 in Throwing
  1453 | D:2      | Reached skill level 1 in Shields
  1453 | D:2      | Reached skill level 1 in Spellcasting
  1453 | D:2      | Reached skill level 1 in Evocations
  1458 | D:2      | Became a worshipper of Elyvilon the Healer
  1458 | D:2      | Reached * piety under Elyvilon
  1484 | D:2      | Reached XP level 4. HP: 29/34 MP: 3/5
  1552 | D:2      | Noticed a hungry ghost
  1583 | D:2      | Killed a hungry ghost
  1583 | D:2      | Reached skill level 1 in Conjurations
  1583 | D:2      | Reached skill level 1 in Hexes
  1583 | D:2      | Reached skill level 1 in Charms
  1583 | D:2      | Reached skill level 1 in Summonings
  1583 | D:2      | Reached skill level 1 in Necromancy
  1583 | D:2      | Reached skill level 1 in Translocations
  1583 | D:2      | Reached skill level 1 in Transmutations
  1583 | D:2      | Reached skill level 1 in Fire Magic
  1583 | D:2      | Reached skill level 1 in Ice Magic
  1583 | D:2      | Reached skill level 1 in Air Magic
  1583 | D:2      | Reached skill level 1 in Earth Magic
  1583 | D:2      | Reached skill level 1 in Poison Magic
  1583 | D:2      | Reached XP level 5. HP: 41/41 MP: 5/7
  1811 | D:3      | Elyvilon protects you from harm!
  1814 | D:3      | Slain by an orc

Skill      XL: |  1  2  3  4 |
---------------+-------------+-----
Invocations    | 1 |  1.8
Short Blades   | 1 |  1.6
Long Blades    | 1 |  1.6
Axes           | 1 |  1.6
Polearms       | 1 |  1.6
Staves         | 1 |  1.6
Slings         | 1 |  1.6
Bows           | 1 |  1.6
Crossbows      | 1 |  1.6
Throwing       | 1 |  1.6
Shields        | 1 |  1.6
Spellcasting   | 1 |  1.6
Evocations     | 1 |  1.6
Fighting       | 3 |  3.0
Armour         | 3 |  3.0
Dodging        | 3 |  3.0
Conjurations   | 1 |  1.2
Hexes          | 1 |  1.2
Charms         | 1 |  1.2
Summonings     | 1 |  1.2
Necromancy     | 1 |  1.2
Translocations | 1 |  1.2
Transmutations | 1 |  1.2
Fire Magic     | 1 |  1.2
Ice Magic      | 1 |  1.2
Air Magic      | 1 |  1.2
Earth Magic    | 1 |  1.2
Poison Magic   | 1 |  1.2
Maces & Flails | |  4.8
Stealth        | |  4.4
Unarmed Combat | |  6.7

Action                   |  1- 3 |  4- 6 || total
-------------------------+-------+-------++-------
Melee: Mace              |    61 |       ||    61
       Bite              |    13 |     1 ||    14
       Flail             |    40 |    31 ||    71
       Punch             |     1 |     2 ||     3
Invok: Lesser Healing    |     1 |       ||     1
  Use: Scroll            |     1 |     2 ||     3
       Potion            |     4 |     2 ||     6
 Stab: Sleeping          |     8 |       ||     8
  Eat: Chunk             |     2 |     2 ||     4
       Ration            |       |     1 ||     1
Armor: Robe              |    12 |     5 ||    17
Dodge: Dodged            |    83 |    17 ||   100
